 Dungeon Crawl Stone Soup version 0.31.0-12-g77e489cdc1 (webtiles) character file.

Game seed: 5545171037344527428

8679 Gadfly the Covert (level 11, -2/56 HPs)
             Began as a Spriggan Enchanter on Feb 18, 2024.
             Killed by divine providence
             ... invoked by an orc priest
              (9 damage)
             ... on level 10 of the Dungeon.
             The game lasted 00:19:20 (11354 turns).

Gadfly the Covert (Spriggan Enchanter)             Turns: 11354, Time: 00:19:20

Health: -2/56      AC:  9    Str:  4    XL:     11   Next: 13%
Magic:  21/24      EV: 24    Int: 24    God:
Gold:   437        SH:  0    Dex: 19    Spells: 18/26 levels left

rFire   . . .        b - +1 dagger (elec)
rCold   . . .        (no shield)
rNeg    . . .        n - +1 robe {Will+}
rPois   .            x - +2 hat {Stlth+}
rElec   .            t - scarf {+Inv}
rCorr   .            (gloves unavailable)
SInv    +            (boots unavailable)
Will    ++...        (no amulet)
Stlth   ++++++       i - +4 ring of protection
HPRegen 0.29/turn    q - +6 ring of intelligence
MPRegen 0.19/turn

%: no passive effects
@: very quick
A: very small, no large weapons, unfitting armour, see invisible, speed 3
a: Evoke Invisibility


You were on level 10 of the Dungeon.
You visited 1 branch of the dungeon, and saw 10 of its levels.
You also visited: Sewer.

You collected 625 gold pieces.
You spent 188 gold pieces at shops.

Inventory:

Hand Weapons
 a - a +1 dagger of draining
 b - a +1 dagger of electrocution (weapon)
 o - a +4 scimitar of chaos
 r - a +1 war axe of flaming
 s - a +1 dagger of venom
 y - a +2 short sword of speed
Armour
 n - a +1 robe of willpower (worn)
 t - a scarf of invisibility (worn)
 x - a +2 hat of stealth (worn)
Jewellery
 i - a +4 ring of protection (left hand)
 q - a +6 ring of intelligence (right hand)
Wands
 e - a wand of flame (15)
 p - a wand of charming (8)
 C - a wand of roots (4)
Scrolls
 k - a scroll of summoning
 m - 4 scrolls of teleportation
 u - 2 scrolls of fog
 B - a scroll of amnesia {unknown}
Potions
 c - 2 potions of invisibility
 d - a potion of resistance
 f - 4 potions of curing
 g - a potion of heal wounds
 h - a potion of attraction
 j - 2 potions of might
 l - 2 potions of ambrosia
 v - 2 potions of lignification
 w - a potion of brilliance
 z - a potion of haste
 A - a potion of enlightenment


   Skills:
 + Level 5.4 Fighting
 + Level 7.4 Short Blades
 + Level 9.0 Dodging
 + Level 11.0 Stealth
 + Level 8.2 Spellcasting
 + Level 8.7 Hexes
 + Level 8.3 Evocations


You had 18 spell levels left.
You knew the following spells:

 Your Spells              Type           Power      Damage    Failure   Level
a - Ensorcelled Hibernat  Hex/Ice        60%        N/A       1%          2
b - Confusing Touch       Hex            51%        N/A       1%          3
c - Sigil of Binding      Hex            51%        N/A       1%          3

Your spell library contained the following spells:

 Spells                   Type           Power      Damage    Failure   Level
 Slow                     Hex            100%       N/A       1%          1
 Tukima's Dance           Hex            51%        N/A       1%          3
 Dazzling Flash           Conj/Hex       60%        N/A       3%          3
 Sting                    Conj/Alch      36%        1d5       6%          1
 Summon Small Mammal      Summ           36%        N/A       6%          1
 Mercury Vapours          Alch/Air       18%        N/A       10%         2
 Anguish                  Hex/Necr       15%        N/A       11%         4
 Call Canine Familiar     Summ           9%         N/A       19%         3
 Fugue of the Fallen      Necr           9%         N/A       19%         3
 Gell's Gravitas          Tloc           9%         N/A       19%         3
 Teleport Other           Tloc           9%         N/A       19%         3
 Vampiric Draining        Necr           9%         2d6       19%         3
 Manifold Assault         Tloc           9%         N/A       54%         4
 Olgreb's Toxic Radiance  Alch           9%         N/A       54%         4
 Summon Blazeheart Golem  Fire/Summ      9%         N/A       54%         4
 Dispersal                Tloc           4%         N/A       100%        6
 Disjunction              Tloc           4%         N/A       100%        8


Dungeon Overview and Level Annotations

Branches:
Dungeon (10/15)            Temple (0/1) D:7           Sewer (visited)
   Lair: D:8-11         Orc: D:9-12

Altars:
Ashenzari
Dithmenos
Nemelex Xobeh
Trog
Zin
The Shining One

Shops:
D:2 :   D:3 *   D:4 *   D:5 (   D:6 *


Innate Abilities, Weirdness & Mutations

You are very small and have problems with some larger weapons.
You are too small for most types of armour.
You have supernaturally acute eyesight. (SInv)
You cover ground extremely quickly. (Speed+++)


Message History

You hear a shout!
An orc wizard comes into view. It is wielding a +0 dagger.
You hear an angry hiss.
The orc wizard moves out of view.
An orc priest and an orc come into view.
Found a scroll of identify.
The orc priest looks drowsy...
The orc priest shouts!
You hear a shout!
You hear a bellow!
You hear two shouts!
You hear a shout!
You hear a bellow!
The helpless orc priest fails to defend itself.
You perforate the orc priest like a sieve!!!!
You kill the orc priest!
An orc comes into view. It is wielding a +0 dagger.
Things that are here:
a +0 short sword; an orc corpse You barely miss the orc.
The orc barely resists.
The orc completely misses you.
A two-headed ogre comes into view. It is wielding two +0 dire flails.
You closely miss the orc. The orc barely misses you.
The two-headed ogre shouts in stereo!
You hit the orc. Lightning courses through the orc!
You kill the orc!
You hear a bellow! x2; You hear a roar!
You hear a shout! x2
You hear a bellow!
You hear an angry buzzing noise.
The two-headed ogre hits you with a +0 dire flail!
The two-headed ogre hits you but does no damage.
Things that are here:
a +0 short sword; an orc corpse A kobold brigand comes into view.
It is wielding a +0 short sword and quivering poisoned darts.
The orc priest calls down the wrath of Beogh upon you.
Beogh smites you!
The orc priest mumbles some strange prayers to Beogh against you.
Beogh smites you!
* * * LOW HITPOINT WARNING * * *
A yak comes into view.
The two-headed ogre attacks as it pursues you!
The two-headed ogre misses you. x2
The orc priest invokes the aid of Beogh against you.
Beogh smites you!
You die...

#.###########
#............
#............
#.########### #.#
#.#
#.##################
#...................
#.....@.O...........
#.................?.
#..#######..)#####.
#..# #...oo..# #..#
#....####....# #..#
#..###Y ..# #..# #.#
## # #K .


You could see a two-headed ogre and an orc priest.

Vanquished Creatures
  Gastronok (D:8)
  A two-headed ogre (D:9)
  A cyclops (D:9)
  Maggie (D:8)
  A wyvern (D:9)
  Eustachio (D:4)
  A wraith (D:8)
  8 yaks (D:9)
  Grum (D:8)
  Menkaure (D:5)
  2 acid dragons
  3 orc warriors
  A black bear (D:6)
  3 ogres
  4 wolves (D:8)
  2 phantoms (D:6)
  6 centaurs
  2 kobold brigands
  5 bullfrogs
  2 scorpions
  Blork the orc (D:4)
  9 wights
  11 howler monkeys
  6 hounds
  A bombardier beetle (D:5)
  A jelly (D:7)
  10 orc priests
  Crazy Yiuf (D:3)
  3 iguanas
  11 orc wizards
  4 gnolls (D:4)
  10 adders
  2 shadow imps
  A ribbon worm (D:3)
  11 dart slugs
  44 orcs
  15 ball pythons
  13 endoplasms
  18 giant cockroaches
  6 hobgoblins
  7 jackals (D:1)
  16 kobolds
  A quokka (D:3)
  4 bats
  9 frilled lizards
  8 goblins
  5 rats
275 creatures vanquished.

Vanquished Creatures (others)
  An orc (D:8)
1 creature vanquished.

Grand Total: 276 creatures vanquished

Notes
Turn   | Place    | Note
-------+----------+-------------------------------------------
     0 | D:1      | Gadfly the Spriggan Enchanter began the quest for the Orb.
     0 | D:1      | Reached XP level 1. HP: 9/9 MP: 5/5
   255 | D:1      | Reached XP level 2. HP: 5/13 MP: 6/6
   292 | D:1      | Learned a level 2 spell: Ensorcelled Hibernation
  1227 | D:2      | Reached XP level 3. HP: 17/17 MP: 6/8
  1231 | D:2      | Learned a level 3 spell: Confusing Touch
  1295 | D:2      | Reached skill level 1 in Evocations
  1381 | D:2      | Found Posei's Book Shop.
  1783 | D:2      | Identified the +1 ring mail of the Shoals {-Tele rElec rF+
                  | Will++ Str-5}
  2174 | D:3      | Found Leupe's Assorted Antiques.
  2183 | D:3      | Bought a scroll labelled VOILOKLUZU for 15 gold pieces
  2183 | D:3      | Bought a scroll labelled DYRIZE LAZAR for 15 gold pieces
  2183 | D:3      | Bought a blue potion for 13 gold pieces
  2183 | D:3      | Bought a fizzy clear potion for 13 gold pieces
  2376 | D:3      | Reached XP level 4. HP: 16/21 MP: 6/9
  2803 | D:3      | Found a runed translucent door.
  2804 | D:3      | Noticed Crazy Yiuf
  2897 | D:3      | Reached skill level 1 in Fighting
  2906 | D:3      | Reached skill level 5 in Stealth
  2910 | D:3      | Reached XP level 5. HP: 16/25 MP: 9/11
  3110 | D:3      | Killed Crazy Yiuf
  3283 | D:4      | Noticed Blork the orc
  3294 | D:4      | Killed Blork the orc
  3469 | D:4      | Reached XP level 6. HP: 24/30 MP: 9/12
  3581 | D:4      | Found a glowing golden altar of the Shining One.
  3591 | D:4      | Found a bloodstained altar of Trog.
  3954 | D:4      | Found Zin's Purification Station.
  3954 | D:4      | Found a glowing silver altar of Zin.
  3986 | D:4      | Noticed Eustachio
  3998 | D:4      | Killed Eustachio
  3999 | D:4      | Reached skill level 6 in Stealth
  3999 | D:4      | Reached skill level 5 in Hexes
  3999 | D:4      | Reached XP level 7. HP: 35/35 MP: 8/14
  4559 | D:5      | Entered Level 5 of the Dungeon
  4561 | D:5      | Noticed Menkaure
  4569 | D:5      | Killed Menkaure
  4642 | D:5      | Found Feuloi's Antique Weapon Shoppe.
  4843 | D:5      | Reached skill level 5 in Dodging
  5127 | D:5      | Reached XP level 8. HP: 39/39 MP: 16/16
  5250 | D:5      | Reached skill level 5 in Spellcasting
  5297 | D:5      | Reached skill level 7 in Stealth
  5554 | D:6      | Found a glowing drain.
  5561 | Sewer    | Entered a sewer
  6467 | D:6      | Reached skill level 5 in Evocations
  6628 | D:6      | Reached skill level 5 in Short Blades
  6633 | D:6      | Reached skill level 8 in Stealth
  6645 | D:6      | Reached XP level 9. HP: 32/43 MP: 11/18
  6788 | D:6      | Found Utiblis's General Store.
  6814 | D:6      | Bought a scarf of invisibility for 132 gold pieces
  7406 | D:6      | Learned a level 3 spell: Sigil of Binding
  8054 | D:7      | Found a staircase to the Ecumenical Temple.
  8651 | D:8      | Found a sparkling altar of Nemelex Xobeh.
  8659 | D:8      | Noticed Gastronok
  8676 | D:8      | Killed Gastronok
  8677 | D:8      | Reached skill level 9 in Stealth
  8677 | D:8      | Reached XP level 10. HP: 32/51 MP: 15/21
  8953 | D:8      | Found Odyz's Self-Improvement Boutique.
  9007 | D:8      | Noticed Maggie
  9203 | D:8      | Noticed Grum
  9207 | D:8      | Killed Grum
  9493 | D:8      | Killed Maggie
  9494 | D:8      | Reached skill level 10 in Stealth
  9565 | D:8      | Found a shadowy altar of Dithmenos.
 10251 | D:9      | Reached skill level 5 in Fighting
 10427 | D:9      | Noticed a cyclops
 10434 | D:9      | Killed a cyclops
 10908 | D:9      | Noticed a two-headed ogre
 10915 | D:9      | Killed a two-headed ogre
 10916 | D:9      | Reached XP level 11. HP: 56/56 MP: 17/24
 11234 | D:10     | Entered Level 10 of the Dungeon
 11252 | D:10     | Reached skill level 11 in Stealth
 11272 | D:10     | Found a broken altar of Ashenzari.
 11345 | D:10     | Noticed a two-headed ogre
 11354 | D:10     | Killed from afar by an orc priest

Illustrated notes

Levels and vault maps discovered:
D:1:      psy_arrival_conway, layout_basic
D:2:      layout_basic, serial_shops, shop
D:3:      layout_basic, serial_shops, shop, serial_bayou_pond_e,
          uniq_crazy_yiuf_cottage
D:4:      layout_cave_pods, zin_purify, mainiacjoe_overflow_large_starburst,
          minivault_23, uniq_blork_the_orc, uniq_eustachio
D:5:      layout_basic, serial_shops, nicolae_shop_stone,
          corexii_item_surrounded_by_moat, uniq_menkaure
D:6:      layout_loops_corners, serial_shops, nicolae_shop_gibbet_a_chance,
          mainiacjoe_sewer_entry_somewhere_in_here_2
D:7:      layout_basic, minmay_temple_entry_metal_lava
D:8:      layout_rooms, amcnicky_altar_gilded, marbit_many_paths,
          nicolae_shop_self_help, uniq_maggie, uniq_gastronok, uniq_grum
D:9:      layout_long_grid
D:10:     layout_long_grid, ashenzari_conservatory_becter, orc_0_dummy,
          minmay_alternating_orb

Skill      XL: |  1  2  3  4  5  6  7  8  9 10 11 |
---------------+----------------------------------+-----
Dodging        | 3 4 5 6 7 8 9 |  9.0
Spellcasting   | 3 4 5 7 8 |  8.2
Evocations     | 1 2 3 4 5 6 8 |  8.3
Short Blades   | 2 3 4 5 6 7 |  7.4
Hexes          | 4 5 6 7 8 |  8.7
Fighting       | 1 2 3 4 5 |  5.4
Stealth        | 5 6 8 9 10 11 | 11.0

Action                     |  1- 3 |  4- 6 |  7- 9 | 10-12 || total
---------------------------+-------+-------+-------+-------++-------
  Melee: Dagger            |   127 |   115 |   342 |   217 ||   801
         Punch             |     1 |       |     5 |     5 ||    11
   Cast: Ensorcelled Hiber |     2 |    26 |    74 |    64 ||   166
         Confusing Touch   |       |       |     7 |     5 ||    12
    Use: Scroll            |     8 |     1 |     8 |     3 ||    20
         Potion            |     3 |       |     3 |       ||     6
   Stab: Sleeping          |    16 |    17 |    65 |    38 ||   136
         Distracted        |       |     1 |       |       ||     1
         Confused          |       |       |     4 |     3 ||     7
 Armour: Robe              |    35 |    35 |    88 |    68 ||   226
  Dodge: Dodged            |    88 |    86 |   243 |   228 ||   645
